 Dungeon Crawl Stone Soup version 0.31.0-11-ge490571c62 (webtiles) character file.

Game seed: 12211155236460387700

68 sanka the Changeling (level 4, -1/32 HPs)
             Began as a Merfolk Shapeshifter on Feb 2, 2024.
             Slain by Sigmund
             ... wielding a +0 scythe
              (7 damage)
             ... on level 2 of the Dungeon.
             The game lasted 00:02:02 (1386 turns).

sanka the Changeling (Merfolk Shapeshifter)         Turns: 1386, Time: 00:02:02

Health: -1/32      AC:  2    Str: 14    XL:     4   Next: 19%
Magic:  4/4        EV: 12    Int:  9    God:
Gold:   80         SH:  5    Dex: 15    Spells: 3/3 levels left

rFire   . .          .
                       - Unarmed
rCold   . . .        (no shield)
rNeg    . . .        a - +0 animal skin
rPois   .            (helmet currently unavailable)
rElec   .            (cloak currently unavailable)
rCorr   .            (gloves currently unavailable)
SInv    .            (boots currently unavailable)
Will    .....        j - amulet of reflection
Stlth   +            (no ring)
HPRegen 0.25/turn    (no ring)
MPRegen 0.09/turn

%: reflection
@: beast-form
A: beast (slay +2), (nimble swimmer 2), mertail
a: Begin Untransformation


You were on level 2 of the Dungeon.
You were a hulking beast.
You visited 1 branch of the dungeon, and saw 2 of its levels.

You collected 80 gold pieces.


Innate Abilities, Weirdness & Mutations

You are a hulking beast.
Your limbs bulge with bestial killing power. (Slay +2)
((You are very nimble when in or above water. (Stealth+, EV+, Speed+++)))
Your lower body shifts to a powerful aquatic tail in water.


   Skills:
 - Level 1.1 Fighting
 - Level 2.6 Dodging
 + Level 4.4 Unarmed Combat
 + Level 5.2 Shapeshifting


You had 3 spell levels left.
You didn't know any spells.
Your spell library contained the following spells:

 Spells                   Type           Power      Damage    Failure   Level
 Sting                    Conj/Alch      0%         1d3       38%         1
 Mercury Vapours          Alch/Air       0%         N/A       52%         2
 Static Discharge         Conj/Air       0%         3-3/arc   52%         2
 Call Canine Familiar     Summ           0%         N/A       77%         3
 Sigil of Binding         Hex            0%         N/A       77%         3
 Airstrike                Air            0%         2d(0-16)  99%         4
 Dimensional Bullseye     Hex/Tloc       0%         N/A       99%         4
 Olgreb's Toxic Radiance  Alch           0%         N/A       99%         4
 Summon Lightning Spire   Summ/Air       0%         N/A       99%         4

Inventory:

Armour
 a - a +0 animal skin (worn)
Jewellery
 j - an amulet of reflection (around neck)
 k - an amulet of faith
Talismans
 c - a beast talisman
 i - a flux talisman
Scrolls
 g - a scroll of revelation {unknown}
 l - 2 scrolls of identify {unknown}
 m - a scroll of poison {unknown}
Potions
 b - 2 potions of lignification {!q}
 d - a potion of resistance {unknown}
 e - a potion of experience {unknown}
 f - 2 potions of berserk rage {unknown}
 h - a potion of enlightenment {unknown}

Dungeon Overview and Level Annotations

Branches:
Dungeon (2/15)

Altars:

Annotations:
D:2 Sigmund

▒▒▒▒▒▒▒▒▒▒▒
▒.........▒
▒
▒.▒▒▒▒▒▒▒.▒
▒ ▒.▒ ▒h▒ ▒
▒.▒ ▒{▒ ▒▒
▒.▒ ▒.▒ .▒
▒.▒ ▒.▒ .▒▒
▒▒▒.▒ ▒.▒
..▒ ▒...▒
▒.▒ ▒.▒
▒...▒ ..▒
▒.▒▒▒▒...▒
..▒
.........▒
▒.▒


There were no monsters in sight!


Message History

Deactivating autopickup; reactivate with Ctrl-A.
You bump into the rock wall.
Something barely misses you.
Unknown command.
You bump into the rock wall.
You bump into the rock wall.
Something hits you!
Unknown command.
You closely miss something. Something hits you.
* * * LOW HITPOINT WARNING * * *
Unknown command.
You miss something.
You feel less confused.
Unknown command.
You closely miss something. Something hits you.
* * * LOW HITPOINT WARNING * * *
Unknown command.
You hit something but do no damage. You closely miss something.
You hear some strange, mumbled words.
A magic dart appears from out of thin air!
The magic dart hits you!
* * * LOW HITPOINT WARNING * * *
You closely miss something. You block something's attack.
You miss something. Something hits you!
You die...

Action                     |  1- 3 |  4- 6 || total
---------------------------+-------+-------++-------
  Melee: Unarmed           |   103 |    27 ||   130
         Punch             |     1 |     1 ||     2
   Stab: Sleeping          |     1 |       ||     1
 Armour: Animal skin       |    40 |    12 ||    52
  Dodge: Dodged            |    64 |     9 ||    73
  Block: Other             |     7 |     4 ||    11

Levels and vault maps discovered:
D:1:      eino_arrival_water_cross, layout_loops_cross, serial_bayou_lake_a
D:2:      layout_basic, serial_shops, nicolae_shop_rolling_square,
          minmay_diced_spiral, uniq_sigmund

Notes
Turn   | Place    | Note
-------+----------+-------------------------------------------
     0 | D:1      | sanka the Merfolk Shapeshifter began the quest for the Orb.
     0 | D:1      | Reached XP level 1. HP: 15/15 MP: 1/1
   184 | D:1      | Reached XP level 2. HP: 16/21 MP: 2/2
   646 | D:1      | Reached XP level 3. HP: 26/26 MP: 3/3
   718 | D:1      | Reached skill level 4 in Unarmed Combat
   848 | D:2      | Reached skill level 5 in Shapeshifting
   937 | D:2      | Reached XP level 4. HP: 27/32 MP: 4/4
  1368 | D:2      | Noticed Sigmund
  1386 | D:2      | Slain by Sigmund

Vanquished Creatures
  3 adders (D:2)
  8 ball pythons
  2 endoplasms
  A giant cockroach (D:2)
  4 goblins
  3 hobgoblins
  4 kobolds
  2 quokkas
  3 bats
  2 frilled lizards (D:1)
  9 rats
41 creatures vanquished.
